Map: Glittering Ashes LE

Players

Dorian - Winner!

  • Race: Protoss Protoss
  • League: Platinum

Pandemic

  • Race: Terran Terran
  • League: Platinum

VOD

Have the link to the VOD?

Description

Time

  • Played on: Oct. 23, 2021, 5:37 p.m.
  • Length: 7:11
Show
View Real Time Build Order
Export as new Build Order

Dorian Protoss - Winner!

Build Orders: Colossus Rush 

Get SALT Encoding   

  12  0:00  Probe  
  13  0:15  Pylon  
  13  0:18  Probe  
  14  0:30  Probe  
  15  0:36  Gateway  
  15  0:42  Probe  
  16  0:54  Probe  
  17  1:04  Assimilator  
  17  1:08  Probe  
  18  1:15  Pylon  
  18  1:20  Probe  
  19  1:31  Cybernetics Core  
  19  1:32  Probe  
  20  1:46  Probe  
  21  1:55  Assimilator  
  21  1:58  Probe, Gateway  
  21  2:00  Warp Gate (Chrono Boost)  
  22  2:02  Gateway  
  21  2:11  Probe  
  22  2:17  Gateway  
  22  2:25  Probe  
  23  2:31  Stalker  
  25  2:37  Probe  
  26  2:47  Pylon x2  
  26  2:50  Sentry  
  28  3:14  Shield Battery  
  28  3:28  Colossus  
  28  3:32  Pylon, Stalker x2  
  28  3:33  Stalker x2  
  34  4:09  Stalker x2  
  36  4:10  Stalker x2  
  36  4:16  Shield Battery  
  36  5:13  Stalker x4  
  40  5:45  Stalker x2  
  40  5:46  Stalker x2  
  48  6:17  Nexus  
  46  6:42  Stalker x4  
Show
View Real Time Build Order
Export as new Build Order

Pandemic Terran 

Build Orders:  

Get SALT Encoding   

  12  0:00  SCV  
  13  0:12  SCV  
  14  0:17  Supply Depot  
  14  0:24  SCV  
  14  0:27  Refinery  
  15  0:39  SCV  
  16  0:44  Barracks  
  16  0:51  SCV  
  17  1:03  SCV  
  18  1:15  SCV  
  19  1:30  Orbital Command  
  19  1:31  Marine  
  20  1:45  Command Center  
  20  1:52  Barracks Reactor  
  19  2:00  Supply Depot  
  19  2:01  SCV  
  20  2:13  SCV  
  20  2:15  Factory  
  21  2:25  SCV  
  21  2:29  Bunker  
  22  2:30  Marine  
  22  2:32  Marine  
  24  2:38  SCV  
  25  2:47  Marine  
  25  2:50  Marine, SCV  
  28  2:57  Orbital Command  
  30  2:58  Widow Mine  
  30  3:02  SCV  
  30  3:03  Starport  
  31  3:14  SCV  
  31  3:18  Marine x2  
  34  3:24  Refinery, SCV  
  34  3:26  SCV  
  36  3:29  Widow Mine  
  38  3:35  Marine x2  
  38  3:37  SCV  
  38  3:39  Barracks  
  41  3:42  Barracks  
  41  3:44  Starport Tech Lab  
  41  3:47  SCV  
  42  3:55  SCV  
  43  4:07  SCV  
  43  4:08  SCV  
  44  4:12  Marine x2  
  44  4:14  Factory Tech Lab  
  46  4:24  Starport Reactor  
  46  4:25  Supply Depot  
  46  4:34  Supply Depot x2  
  46  4:37  Supply Depot  
  46  4:38  Marine  
  46  4:40  SCV  
  46  4:43  Marine  
  46  4:44  Factory Reactor  
  46  4:52  SCV  
  43  5:05  Marine x4  
  43  5:09  Orbital Command  
  37  5:23  Marine x4  
  38  5:41  Marine x4  
  19  5:58  Marine  
  19  5:59  Marine x3  
  20  6:16  Marine x2  
  21  6:24  SCV  
Tags
 
Add a new tag
Caveats
  • Supply blocks, unpowered buildings, or Contaminate may cause inaccurate times.
  • Supply counts are checked every 10 seconds.